 Dungeon Crawl Stone Soup version 0.17-a0-2002-g92c7e20 (webtiles) character file.

88 tp1 the Covered (level 4, 0/42 HPs)
             Began as a Gargoyle Berserker on Oct 8, 2015.
             Was a Believer of Trog.
             Slain by an iguana (6 damage)
             ... on level 3 of the Dungeon.
             The game lasted 00:07:37 (1900 turns).

tp1 the Covered (Gargoyle Berserker)                Turns: 1900, Time: 00:07:37

Health: 0/42       AC: 17    Str: 25    XL:     4   Next: 53%
Magic:  4/4        EV:  8    Int:  8    God:    Trog [**....]
Gold:   115        SH:  0    Dex: 10    Spells: 0 memorised, 3 levels left

rFire  + . .     SeeInvis .     k - -3 hand axe (curse)
rCold  . . .     Clarity  .     l - +1 chain mail {rF+}
rNeg   + . .     SustAt   .     (no shield)
rPois  ∞         Gourm    .     d - +1 helmet
rElec  +         Spirit   .     j - +0 cloak
rCorr  .         Warding  .     (no gloves)
rMut   .         Stasis   .     (no boots)
MR     .....                    m - amulet of inaccuracy (curse)
Stlth  ..........               (no ring)
                                (no ring)

@: berserking, very quick, not resistant to hostile enchantments, extremely
unstealthy
A: negative energy resistance 1, electricity resistance, unbreathing,
petrification resistance, rot immunity, AC +3
a: Burn Spellbooks, Berserk, Trog's Hand, Renounce Religion


You were on level 3 of the Dungeon.
You worshipped Trog.
Trog was pleased with you.
You were very hungry.

You visited 1 branch of the dungeon, and saw 3 of its levels.

You collected 115 gold pieces.

Inventory:

Hand Weapons
 a - a +0 hand axe
 k - a cursed -3 hand axe (weapon)
 o - a +0 mace
Armour
 d - a +1 helmet (worn)
 h - a +0 ring mail
 j - a +0 cloak (worn)
 l - a +1 chain mail of fire resistance (worn)
Jewellery
 m - a cursed amulet of inaccuracy (around neck)
Wands
 i - a wand of random effects (31)
Potions
 e - a potion of heal wounds {unknown}
 n - a potion of invisibility {unknown}
Comestibles
 b - a meat ration
 c - a bread ration
 f - 4 fruits
 g - a beef jerky


   Skills:
 - Level 3.2 Fighting
 - Level 2.6 Axes
 + Level 4.4 Armour
 - Level 1.5 Dodging
 - Level 2.2 Stealth


You had 3 spell levels left.
You didn't know any spells.

Dungeon Overview and Level Annotations

Branches:
Dungeon (3/15)

Altars:


Innate Abilities, Weirdness & Mutations

You are resistant to torment.
Your stone body is resilient (AC +3).
You are immune to poison.
You resist negative energy.
You are resistant to electric shocks.
You can survive without breathing.
You are immune to petrification.
You are immune to rotting.


Message History

A red film seems to cover your vision as you go berserk!
You feel yourself moving faster!
You feel mighty!
You are feeling very hungry.
The iguana bites you!
* * * LOW HITPOINT WARNING * * *
You closely miss the iguana.
The iguana is moderately wounded.
The iguana bites you but does no damage.
You hit the iguana.
The iguana is severely wounded.
The iguana barely misses you.
You barely miss the iguana.
The iguana is severely wounded.
You hit the iguana.
The iguana is severely wounded.
The iguana barely misses you.
You barely miss the iguana.
The iguana is severely wounded.
The iguana bites you.
You die...

#..#.....
#####..#...
#.#####......#.#
....[.....†....#
............#..#
.#####.#####..#####.
#.# #<.......
###.#####.#
#........
#....rl@..#
#.####...
...#.####### #.# ..
#.# . #.# #.# #.#


You could see an iguana and a rat.

Vanquished Creatures
  Terence (D:2)
  An adder (D:2)
  An ooze (D:1)
  A worm (D:2)
  2 giant geckos (D:1)
  A ball python (D:2)
  4 giant cockroaches
  2 goblins
  4 hobgoblins (D:1)
  A jackal (D:1)
  7 kobolds
  2 quokkas
  7 bats
  2 giant newts (D:1)
  9 rats
45 creatures vanquished.

Notes
Turn   | Place    | Note
--------------------------------------------------------------
     0 | D:1      | tp1 the Gargoyle Berserker began the quest for the Orb.
     0 | D:1      | Reached XP level 1. HP: 14/14 MP: 1/1
    47 | D:1      | Reached skill level 1 in Stealth
   318 | D:1      | Reached XP level 2. HP: 13/19 MP: 2/2
   594 | D:1      | Reached XP level 3. HP: 23/23 MP: 3/3
   712 | D:1      | Acquired Trog's second power
   918 | D:2      | Noticed Terence
   960 | D:2      | Killed Terence
   960 | D:2      | Reached skill level 4 in Armour
   960 | D:2      | Reached XP level 4. HP: 28/28 MP: 4/4
  1900 | D:3      | Slain by an iguana

Vault maps used:
D:1:      lemuel_arrival_hallway
D:2:      uniq_terence
D:3:      okawaru_trees_1, lemuel_round_altar, portal_sewer_entry_b, uniq_iyjb

Action                   |  1- 3 |  4- 6 || total
-------------------------+-------+-------++-------
Melee: Hand axe          |   113 |   190 ||   303
Invok: Berserk           |     1 |     1 ||     2
  Use: Scroll            |       |     4 ||     4
 Stab: Sleeping          |     1 |       ||     1
  Eat: Chunk             |       |     3 ||     3
       Fruit             |       |     1 ||     1
